 Dungeon Crawl Stone Soup version 0.30-a0-802-gb92711bcdf (webtiles) character file.

Game seed: 11769574785910797592

997 Darius099 the Cleaver (level 7, -4/57 HPs)
             Began as a Minotaur Fighter on Feb 24, 2023.
             Was a Believer of Okawaru.
             Succumbed to Eustachio's poison
             ... on level 5 of the Dungeon.
             The game lasted 00:14:06 (3802 turns).

Darius099 the Cleaver (Minotaur Fighter)            Turns: 3802, Time: 00:14:06

Health: -4/57      AC: 11    Str: 22    XL:     7   Next: 99%
Magic:  6/6        EV:  9    Int:  5    God:    Okawaru [**....]
Gold:   355        SH:  4    Dex: 10    Spells: 6/6 levels left

rFire   . . .      SeeInvis .    a - +0 war axe
rCold   . . .      Faith    .    c - +0 buckler
rNeg    . . .      Spirit   .    b - +0 scale mail
rPois   .          Reflect  .    (helmet restricted)
rElec   .          Harm     .    (no cloak)
rCorr   .          Rampage  .    j - +2 pair of gloves
Will    .....                    r - +0 pair of boots Stlth
                                 (no amulet)
HPRegen 0.29/turn                (no ring)
MPRegen 0.10/turn                (no ring)

@: lethally poisoned (-4 -> -30), about to teleport, attractive, studying Hexes
A: horns 2, retaliatory headbutt
a: Renounce Religion, Heroism


You were on level 5 of the Dungeon.
You worshipped Okawaru.
Okawaru was pleased with you.
You visited 2 branches of the dungeon, and saw 6 of its levels.

You collected 355 gold pieces.

Inventory:

Hand Weapons
 a - a +0 war axe (weapon)
Missiles
 e - 61 stones (quivered)
 g - 10 boomerangs
 u - 2 poisoned darts
Armour
 b - a +0 scale mail (worn)
 c - a +0 buckler (worn)
 j - a +2 pair of gloves (worn)
 r - a +0 pair of boots (worn)
Jewellery
 v - a ring of flight
Wands
 l - a wand of digging (3)
 o - a wand of paralysis (12)
Scrolls
 f - 3 scrolls of teleportation
 h - 2 scrolls of fog {unknown}
 i - 4 scrolls of identify
 p - a scroll of amnesia {unknown}
 s - a scroll of blinking {unknown}
Potions
 d - a potion of might
 k - 2 potions of mutation
 m - a potion of brilliance
 q - a potion of attraction
 t - a potion of lignification {unknown}


   Skills:
 - Level 3.6 Fighting
 + Level 11.2 Axes
 - Level 3.6 Armour
 - Level 3.6 Shields


You had 6 spell levels left.
You didn't know any spells.
Your spell library contained the following spells:

 Spells                   Type           Power      Damage    Failure   Level
 Magic Dart               Conj           0%         1d3       88%         1
 Searing Ray              Conj           0%         2d4       95%         2
 Fulminant Prism          Conj/Hex       0%         3d5       100%        4


Dungeon Overview and Level Annotations

Branches:
Dungeon (5/15)             Temple (1/1) D:4

Altars:
Ashenzari
Dithmenos
Elyvilon
Fedhas
Gozag
Hepliaklqana
Makhleb
Okawaru
Ru
Sif Muna
Uskayaw
Vehumet
Wu Jian
Yredelemnul
Zin

Annotations:
D:5 Eustachio


Innate Abilities, Weirdness & Mutations

You have a pair of horns on your head.
You reflexively headbutt those who attack you in melee.


Message History

The bat barely misses you. The iron imp hits you.
The orc wizard gestures at you while chanting.
You resist with some effort.
Eustachio calls on the powers of shadow!
Eustachio mumbles some strange words.
The crimson imp hits you but does no damage.
As you read the scroll of teleportation, it crumbles to dust.
You feel strangely unstable.
You feel very sick.
The river rat disappears in a puff of smoke!
The quokka disappears in a puff of smoke!
The bat hits you but does no damage. x2
The orc wizard casts a spell at you.
The magic dart hits you but does no damage.
Eustachio hits you with a +5 rapier of venom!
* * * LOW HITPOINT WARNING * * *
You are more poisoned.
The iron imp barely misses you. You furiously retaliate!
You headbutt the iron imp!
The crimson imp grinds its teeth.
The crimson imp hits you but does no damage.
The river rat bites you.
* * * LOW HITPOINT WARNING * * *
You slash the orc wizard!
You kill the orc wizard!
Okawaru accepts your kill.
You slash the bat!
You kill the bat!
The bat's corpse disappears in a puff of smoke!
You closely miss the crimson imp. You hit the iron imp.
You closely miss Eustachio. You barely miss the river rat.
* * * LOW HITPOINT WARNING * * *
You feel extremely sick. You block the bat's attack.
Eustachio closely misses you. You furiously retaliate!
You headbutt Eustachio! The river rat closely misses you. The bat misses you.
The crimson imp barely misses you.
It was a potion of attraction.
You feel attractive to monsters.
You die...

#...........#
#...........#
#...........#
#...........#
#...........##
#............#
#..$....§r...#
#.:....))5...#
#......r@55..#
########b@......
#.....#.#
#..##.# #... ...
##... ## ####


You could see Eustachio, an iron imp (summoned), a crimson imp (summoned), 2
river rats, a shadow imp (summoned) and a bat (summoned).

Vanquished Creatures
  A sky beast (D:4)
  2 ogres (D:4)
  3 scorpions
  2 hounds
  2 orc priests (D:5)
  A gnoll bouda (D:5)
  3 orc wizards
  4 iguanas
  8 gnolls
  6 adders
  2 worms
  A dart slug (D:4)
  15 orcs
  9 ball pythons
  9 endoplasms
  2 giant cockroaches
  5 goblins
  5 hobgoblins
  5 jackals
  5 kobolds
  6 quokkas
  3 bats
  2 frilled lizards
  8 rats
109 creatures vanquished.

Vanquished Creatures (others)
  14 plants (D:3)
14 creatures vanquished.

Grand Total: 123 creatures vanquished

Notes
Turn   | Place    | Note
-------+----------+-------------------------------------------
     0 | D:1      | Darius099 the Minotaur Fighter began the quest for the Orb.
     0 | D:1      | Reached XP level 1. HP: 19/19 MP: 0/0
   160 | D:1      | Reached skill level 3 in Axes
   271 | D:1      | Reached XP level 2. HP: 26/26 MP: 1/1
   717 | D:2      | Reached skill level 4 in Axes
   760 | D:2      | Found Iroanojo's Armour Shoppe.
   919 | D:2      | Reached XP level 3. HP: 31/31 MP: 2/2
   926 | D:2      | Found a faded altar of an unknown god.
  1023 | D:3      | Found a sacrificial altar of Ru.
  1055 | D:3      | Found a basalt altar of Yredelemnul.
  1151 | D:3      | Reached skill level 5 in Axes
  1284 | D:3      | Found a broken altar of Ashenzari.
  1299 | D:3      | Reached XP level 4. HP: 32/39 MP: 3/3
  1834 | D:4      | Found a staircase to the Ecumenical Temple.
  1905 | Temple   | Entered the Ecumenical Temple
  2006 | Temple   | Became a worshipper of Warmaster Okawaru
  2028 | D:4      | Reached skill level 6 in Axes
  2117 | D:4      | Reached XP level 5. HP: 30/45 MP: 4/4
  2205 | D:4      | Found a glowing silver altar of Zin.
  2250 | D:4      | Noticed an ogre
  2258 | D:4      | Killed an ogre
  2259 | D:4      | Reached skill level 7 in Axes
  2572 | D:4      | Reached skill level 8 in Axes
  2572 | D:4      | Reached XP level 6. HP: 28/51 MP: 5/5
  2673 | D:4      | Reached * piety under Okawaru
  3126 | D:4      | Reached skill level 9 in Axes
  3176 | D:4      | Noticed a sky beast
  3189 | D:4      | Killed a sky beast
  3190 | D:4      | Reached XP level 7. HP: 50/57 MP: 6/6
  3245 | D:5      | Entered Level 5 of the Dungeon
  3596 | D:5      | Reached skill level 10 in Axes
  3659 | D:5      | Reached ** piety under Okawaru
  3787 | D:5      | Noticed Eustachio
  3794 | D:5      | Reached skill level 11 in Axes
  3801 | D:5      | HP: 1/57 [poisoned by Eustachio]
  3802 | D:5      | Succumbed to Eustachio's poison

Illustrated notes

Levels and vault maps discovered:
D:1:      dpeg_arrival_three_same_balls, layout_loops_ring, glass_columns_b
D:2:      layout_basic, serial_shops, nicolae_shop_hallway_plus,
          shapermc_ecumenical_altar_pompeii, minmay_misc_feat_tiny
D:3:      minmay_angry_zag, layout_basic, nicolae_ru_awakened_eye,
          mainiacjoe_overflow_24_doors, amcnicky_altar_gilded,
          serial_bayou_pond_c
D:4:      layout_gridville, old_standard_altar, temple_fountains,
          hangedman_decor_riveting, minmay_manual_mullet
D:5:      layout_basic, kennysheep_generic_room_11, uniq_grinder, uniq_eustachio
Temple:   jpeg_temple_clearing

Skill      XL: |  1  2  3  4  5  6  7 |
---------------+----------------------+-----
Axes           | 3 4 5 6 8 9 11 | 11.2
Fighting       | |  3.6
Armour         | |  3.6
Shields        | |  3.6

Action                     |  1- 3 |  4- 6 |  7- 9 || total
---------------------------+-------+-------+-------++-------
  Melee: War axe           |    73 |   116 |    55 ||   244
         Headbutt          |     8 |    23 |     6 ||    37
    Use: Scroll            |       |     4 |     1 ||     5
         Potion            |       |       |     3 ||     3
 Armour: Scale mail        |    41 |    44 |    41 ||   126
  Dodge: Dodged            |    33 |    50 |    44 ||   127
  Block: Buckler           |    18 |    27 |    17 ||    62

Table legend: (Time is in decaauts)
 A = Elapsed time spent in this place.
 B = Non-inter-level travel time spent in this place.
 C = Inter-level travel time spent in this place.
 D = Time resting spent in this place.
 E = Time spent auto-exploring this place.
 F = Levels seen in this place.
 G = Mean time per level.
                   A        B        C        D        E       F      G
               +--------+--------+--------+--------+--------+-----+--------+
         Total |   3871 |   3801 |     70 |    401 |   2582 |   6 |  645.2 |
       Dungeon |   3755 |   3707 |     48 |    401 |   2515 |   5 |  751.0 |
        Temple |    115 |     93 |     22 |      0 |     67 |   1 |  115.0 |
               +--------+--------+--------+--------+--------+-----+--------+

Top non-repeatable levels by time:
     D:4: 1328 daAuts
     D:3: 871 daAuts
     D:1: 653 daAuts
     D:5: 557 daAuts
     D:2: 344 daAuts
  Temple: 115 daAuts
